 Dungeon Crawl Stone Soup version 0.25-a0-366-g516bc45ae0 (webtiles) character file.

Game seed: 14244650484381707556, levelgen mode: deterministic

3173 Napalmbreeze the Basher (level 9, -3/59 HPs)
             Began as a Gargoyle Fighter on Jan 6, 2020.
             Was a Believer of Okawaru.
             Slain by Grum
             ... wielding a -1 halberd
              (12 damage)
             ... on level 8 of the Dungeon.
             The game lasted 00:15:10 (8803 turns).

Napalmbreeze the Basher (Gargoyle Fighter)          Turns: 8803, Time: 00:15:10

Health: -3/59      AC: 22    Str: 27    XL:     9   Next: 95%
Magic:  0/14       EV: 12    Int: 10    God:    Okawaru [**....]
Gold:   322        SH: 12    Dex:  9    Spells: 8/8 levels left

rFire    . . .     SeeInvis .   l - +0 flail (crush)
rCold    . . .     Gourm    .   c - +0 shield
rNeg     + . .     Faith    .   B - +0 plate armour
rPois    ∞         Spirit   +   (no helmet)
rElec    +         Reflect  .   s - scarf {Spirit}
rCorr    .         Harm     +   b - +0 pair of gloves
MR       .....                  (no boots)
Stlth    ..........             u - amulet of harm
HPRegen  0.19/turn              i - +4 ring of evasion
MPRegen  0.14/turn              (no ring)

@: mighty, heroism
A: negative energy resistance 1, electricity resistance, unbreathing,
petrification resistance, rot immunity, AC +6
a: Heroism, Renounce Religion


You were on level 8 of the Dungeon.
You worshipped Okawaru.
Okawaru was pleased with you.
You were not hungry.

You visited 2 branches of the dungeon, and saw 9 of its levels.

You collected 322 gold pieces.

Inventory:

Hand Weapons
 l - a +0 flail of crushing (weapon)
Armour
 b - a +0 pair of gloves (worn)
 c - a +0 shield (worn)
 s - a scarf of spirit shield (worn)
 B - a +0 plate armour (worn)
Jewellery
 i - a +4 ring of evasion (left hand)
 u - an amulet of harm (around neck)
 A - an uncursed ring of stealth
Wands
 e - a wand of polymorph (9)
 y - a wand of iceblast (8)
Scrolls
 a - 2 scrolls of enchant armour {unknown}
 g - 5 scrolls of amnesia
 o - 4 scrolls of enchant weapon
 p - 3 scrolls of remove curse
 r - 2 scrolls of immolation
 C - a scroll of blinking
 E - a scroll of identify
Potions
 d - 3 potions of might
 h - 2 potions of mutation
 j - 2 potions of lignification {unknown}
 k - 2 potions of invisibility
 m - a potion of agility {unknown}
 n - 4 potions of curing
 q - a potion of haste {unknown}
 t - a potion of heal wounds {unknown}
 v - 3 potions of ambrosia
 w - a potion of magic {unknown}
 x - a potion of degeneration {unknown}
 z - a potion of berserk rage {unknown}
Comestibles
 f - 20 rations
 D - a chunk of flesh


   Skills:
 - Level 8.0(13.0) Fighting
 - Level 8.1(13.1) Maces & Flails
 - Level 5.1(10.1) Armour
 - Level 5.4(10.4) Shields
 + Level 7.7 Invocations


You had 8 spell levels left.
You didn't know any spells.
Your spell library was empty.

Dungeon Overview and Level Annotations

Branches:
Dungeon (8/15)             Temple (1/1) D:6
   Lair: D:8-11

Altars:
Ashenzari
Cheibriados
Dithmenos
Elyvilon
Fedhas
Gozag
Kikubaaqudgha
Makhleb
Nemelex Xobeh
Okawaru
Ru
Sif Muna
Trog
Uskayaw
Wu Jian
Xom
Zin

Annotations:
D:7 exclusion: door
D:8 Grum


Innate Abilities, Weirdness & Mutations

You are resistant to torment.
Your stone body is resilient. (AC +6)
You are immune to poison.
You resist negative energy. (rN+)
You are resistant to electric shocks. (rElec)
You can survive without breathing.
You are immune to petrification.
You are immune to rotting.


Message History

You sock Grum!
Grum is moderately wounded.
The wolf barely misses you. You block the wolf's attack.
The wolf bites you but does no damage. You block Grum's attack.
Unknown command.
Press: ? - help, v - describe, . - travel
Here: Grum, wielding a -1 halberd and wearing a +0 animal skin (moderately wounded)
The floor.
Unknown command.
You closely miss Grum.
Grum is moderately wounded.
The wolf bites you but does no damage. You block the wolf's attack. x2
The wolf barely misses you. You block the wolf's attack.
Unknown command.
Unknown command.
Unknown command.
You closely miss the wolf.
The wolf is heavily wounded.
The wolf closely misses you. x2; Grum hits you with a -1 halberd!
You die...

###################
...................
.....$.............
..###..h.##h.......
.###..h@##...##...
......hg##...# #+
..........h..##...
:..###...##...'....
. ...
##...##...#.... .
.. #.........#....#
. +.........# ...#
. ###+###...# ..# .
#...# ...#


You could see Grum and 3 wolves.

Vanquished Creatures
  A hornet (D:7)
  A spriggan (D:7)
  A wyvern (D:8)
  A steam dragon (D:6)
  Menkaure (D:5)
  A water moccasin (D:6)
  A black bear (D:2)
  An orc warrior (D:7)
  2 ice beasts
  2 sky beasts
  An ogre (D:5)
  A wolf (D:8)
  3 centaurs
  A bullfrog (D:7)
  Blork the orc (D:6)
  3 scorpions
  4 howler monkeys
  A crimson imp (D:5)
  A centaur zombie (D:5)
  3 hounds
  2 orc priests
  4 orc wizards
  An iguana (D:3)
  A bullfrog skeleton (D:7)
  A centaur skeleton (D:5)
  6 worker ants
  A hound zombie (D:7)
  A hound skeleton (D:4)
  A worker ant zombie (D:7)
  7 gnolls
  12 adders
  4 shadow imps
  An ooze (D:3)
  4 worms
  A dart slug (D:2)
  4 leopard geckos
  26 orcs
  6 giant cockroaches
  5 goblins
  7 hobgoblins
  6 jackals
  5 kobolds
  3 quokkas
  A ball python (D:1)
  8 bats
  4 frilled lizards
  A leopard gecko skeleton (D:4)
  A quokka skeleton (D:4)
  8 rats
163 creatures vanquished.

Vanquished Creatures (others)
  A quokka (D:6)
1 creature vanquished.

Grand Total: 164 creatures vanquished

Notes
Turn   | Place    | Note
-------+----------+-------------------------------------------
     0 | D:1      | Napalmbreeze the Gargoyle Fighter began the quest for the
                  | Orb.
     0 | D:1      | Reached XP level 1. HP: 14/14 MP: 1/1
   320 | D:1      | Reached XP level 2. HP: 19/19 MP: 2/2
   834 | D:2      | Noticed a sky beast
   906 | D:2      | Reached XP level 3. HP: 24/24 MP: 3/3
  1542 | D:2      | Killed a sky beast
  1542 | D:2      | Reached XP level 4. HP: 9/30 MP: 4/4
  1542 | D:2      | Reached XP level 5. HP: 11/34 MP: 5/5
  2385 | D:3      | Found an opulent altar of Gozag.
  2555 | D:3      | Noticed a black bear
  2849 | D:2      | Killed a black bear
  2849 | D:2      | Reached skill level 5 in Fighting
  2849 | D:2      | Reached skill level 5 in Armour
  2849 | D:2      | Reached XP level 6. HP: 35/40 MP: 6/6
  4588 | D:4      | Reached XP level 7. HP: 35/45 MP: 7/7
  4675 | D:3      | Reached skill level 5 in Maces & Flails
  5167 | D:5      | Entered Level 5 of the Dungeon
  5476 | D:5      | Reached XP level 8. HP: 53/53 MP: 8/8
  5660 | D:5      | Reached skill level 5 in Shields
  6282 | D:6      | Noticed Menkaure
  6282 | D:6      | Noticed Blork the orc
  6291 | D:5      | Killed Menkaure
  6386 | D:6      | Killed Blork the orc
  6439 | D:6      | Found a staircase to the Ecumenical Temple.
  6467 | Temple   | Entered the Ecumenical Temple
  6522 | Temple   | Became a worshipper of Warmaster Okawaru
  6608 | D:6      | Reached XP level 9. HP: 52/59 MP: 9/9
  7348 | D:7      | Reached * piety under Okawaru
  7348 | D:7      | Reached skill level 1 in Invocations
  7525 | D:7      | Noticed a hornet
  7547 | D:7      | Killed a hornet
  7752 | D:7      | Reached skill level 5 in Invocations
  7903 | D:7      | Reached ** piety under Okawaru
  8247 | D:7      | Found a shimmering blue altar of Sif Muna.
  8339 | D:7      | Found a shimmering blue altar of Sif Muna.
  8590 | D:8      | Found a bloodstained altar of Trog.
  8590 | D:8      | Found an ancient bone altar of Kikubaaqudgha.
  8658 | D:8      | Found a shimmering altar of Xom.
  8755 | D:8      | Noticed Grum
  8803 | D:8      | Slain by Grum

Levels and vault maps discovered:
D:1:      minmay_arrival_semitransparent, layout_basic
D:2:      layout_basic
D:3:      layout_basic, grunt_gozag_breadcrumbs
D:4:      layout_cave_pools, nicolae_overflow_hidden_temple, first_ration,
          st_stairs_5
D:5:      layout_cave_pods
D:6:      layout_rooms, serial_curves, eino_curves_04, eino_curves_04,
          uniq_menkaure, uniq_blork_the_orc
D:7:      layout_basic, led_sif_book, the_bakery, lemuel_tele_altar
D:8:      layout_gridville, kennysheep_mini,
          gammafunk_temple_overflow_forgotten, patterned_corridor, uniq_maurice,
          uniq_grum
Temple:   eino_temple_scatter_basement

Skill      XL: |  1  2  3  4  5  6  7  8  9 |
---------------+----------------------------+-----
Fighting       | 4 5 7 8 |  8.0
Maces & Flails | 3 4 5 7 8 |  8.1
Armour         | 4 5 |  5.1
Shields        | 5 |  5.4
Invocations    | 7 |  7.7

Action                   |  1- 3 |  4- 6 |  7- 9 || total
-------------------------+-------+-------+-------++-------
Melee: Flail             |   150 |   194 |   390 ||   734
Invok: Heroism           |       |       |     3 ||     3
  Use: Scroll            |       |       |    13 ||    13
       Potion            |       |       |     3 ||     3
  Eat: Chunk             |     2 |    10 |    14 ||    26
Armor: Scale mail        |   104 |   108 |   158 ||   370
       Plate armour      |       |       |    49 ||    49
       Skin              |       |       |     1 ||     1
Dodge: Dodged            |    70 |   114 |   221 ||   405
Block: Shield            |   110 |   124 |   248 ||   482

Table legend:
 A = Non-vault XP
 B = Vault XP
 C = Vault XP percentage of total XP
 D = Non-vault monster count
 E = Vault monster count
 F = Vault count percentage of total count
                 A         B        C        D         E       F
            +---------+---------+-------+---------+---------+-------
      Total |    3858 |     676 |  14.9 |     157 |       6 |   3.7
            +---------+---------+-------+---------+---------+-------
        D:1 |      17 |       0 |   0.0 |      10 |       0 |   0.0
        D:2 |     325 |       0 |   0.0 |      29 |       0 |   0.0
        D:3 |     341 |       0 |   0.0 |      38 |       0 |   0.0
        D:4 |     199 |      60 |  23.2 |      15 |       2 |  11.8
        D:5 |     729 |     172 |  19.1 |      19 |       1 |   5.0
        D:6 |     756 |      91 |  10.7 |      13 |       1 |   7.1
        D:7 |    1239 |     234 |  15.9 |      29 |       1 |   3.3
        D:8 |     252 |     119 |  32.1 |       4 |       1 |  20.0
            +---------+---------+-------+---------+---------+-------
